 Dungeon Crawl Stone Soup version 0.25.0-15-gac7dcb8919 (webtiles) character file.

Game seed: 1181770904587772455

10918 kelmiir the Basher (level 11, -12/69 HPs)
             Began as a Gargoyle Fighter on June 28, 2020.
             Was a High Priest of Okawaru.
             Mangled by a white ugly thing (22 damage)
             ... on level 11 of the Dungeon.
             The game lasted 00:18:34 (10531 turns).

kelmiir the Basher (Gargoyle Fighter)              Turns: 10531, Time: 00:18:34

Health: -12/69     AC: 27    Str: 24    XL:     11   Next: 69%
Magic:  23/23      EV:  5    Int:  8    God:    Okawaru [*****.]
Gold:   205        SH: 10    Dex:  9    Spells: 10/10 levels left

rFire    . . .     SeeInvis .   A - +5 morningstar (vorpal)
rCold    . . .     Gourm    .   c - +0 kite shield
rNeg     + + .     Faith    .   p - +1 plate armour
rPois    ∞         Spirit   .   v - +0 helmet
rElec    +         Reflect  .   g - +0 cloak
rCorr    .         Harm     .   y - +0 pair of gloves "Xugrih" {rElec rN+ MP+9}
MR       .....                  (no boots)
Stlth    ..........             (no amulet)
HPRegen  0.21/turn              (no ring)
MPRegen  0.18/turn              (no ring)

@: no status effects
A: negative energy resistance 1, electricity resistance, unbreathing,
petrification resistance, rot immunity, AC +8
a: Heroism, Finesse, Renounce Religion


You were on level 11 of the Dungeon.
You worshipped Okawaru.
Okawaru was extremely pleased with you.
You were not hungry.

You visited 1 branch of the dungeon, and saw 11 of its levels.

You collected 601 gold pieces.
You spent 396 gold pieces at shops.

Inventory:

Hand Weapons
 h - a +1 whip of electrocution
 l - a +2 whip of flaming
 A - a +5 vorpal morningstar (weapon)
Missiles
 n - 11 javelins (quivered)
Armour
 c - a +0 kite shield (worn)
 g - a +0 cloak (worn)
 p - a +1 plate armour (worn)
 v - a +0 helmet (worn)
 y - the +0 pair of gloves "Xugrih" (worn) {rElec rN+ MP+9}
   (You found it on level 8 of the Dungeon)

   It insulates you from electricity.
   It protects you from negative energy.
   It affects your magic capacity (+9).
Jewellery
 s - an uncursed ring of fire
Wands
 q - a wand of flame (28)
 C - a wand of iceblast (9)
 D - a wand of digging (7)
Scrolls
 b - 7 scrolls of teleportation
 d - a scroll of remove curse
 i - 2 scrolls of identify
 r - a scroll of amnesia
 u - a scroll of magic mapping
 w - 2 scrolls of blinking
Potions
 e - 2 potions of brilliance
 j - a potion of lignification
 k - 3 potions of curing
 m - 2 potions of mutation
 o - 4 potions of flight
 t - a potion of might
 x - a potion of haste
 z - a potion of berserk rage
 B - 2 potions of heal wounds
 E - a potion of ambrosia {unknown}
Comestibles
 a - 2 chunks of flesh
 f - 19 rations


   Skills:
 * Level 8.8 Fighting
 * Level 12.0 Maces & Flails
 + Level 0.5 Throwing
 * Level 9.7 Armour
 + Level 5.9 Shields
 * Level 5.1 Invocations
 * Level 3.5 Evocations


You had 10 spell levels left.
You didn't know any spells.
Your spell library contained the following spells:

 Spells                   Type           Power        Failure   Level  Hunger
 Foxfire                  Conj/Fire      #...         100%        1    ##.....
 Magic Dart               Conj           #...         100%        1    ##.....
 Blink                    Tloc           N/A          100%        2    ###....
 Call Imp                 Summ           #.......     100%        2    ###....
 Searing Ray              Conj           #.....       100%        2    ###....
 Slow                     Hex            #.......     100%        2    ###....
 Conjure Flame            Conj/Fire      #.......     100%        3    ####...
 Dazzling Flash           Conj/Hex       #.....       100%        3    ####...
 Inner Flame              Hex/Fire       #.......     100%        3    ####...
 Mephitic Cloud           Conj/Pois/Air  #.......     100%        3    ####...
 Fulminant Prism          Conj/Hex       #.........   100%        4    #####..
 Iskenderun's Mystic Bla  Conj/Tloc      #.......     100%        4    #####..
 Leda's Liquefaction      Hex/Erth       #.........   100%        4    #####..
 Sticky Flame             Conj/Fire      #.......     100%        4    #####..
 Bolt of Magma            Conj/Fire/Erth #.........   100%        5    ######.
 Fireball                 Conj/Fire      #.........   100%        5    ######.
 Iron Shot                Conj/Erth      #.........   100%        6    #######
 Shatter                  Erth           #.........   100%        9    #######
 Statue Form              Tmut/Erth      Unusable     N/A         6    N/A

Dungeon Overview and Level Annotations

Branches:
Dungeon (11/15)            Temple (0/1) D:7             Orc (0/2) D:10
   Lair: D:8-11

Altars:
Ashenzari
Dithmenos
Elyvilon
Fedhas
Hepliaklqana
Kikubaaqudgha
Nemelex Xobeh
Okawaru
Qazlal
Ru
Trog
Uskayaw
Yredelemnul
Zin

Shops:
D:9 *


Innate Abilities, Weirdness & Mutations

You are resistant to torment.
Your stone body is resilient. (AC +8)
You are immune to poison.
You resist negative energy. (rN+)
You are resistant to electric shocks. (rElec)
You can survive without breathing.
You are immune to petrification.
You are immune to rotting.


Message History

You closely miss the white ugly thing.
The white ugly thing is heavily wounded.
The white ugly thing claws you. The white ugly thing freezes you!!
* * * LOW HITPOINT WARNING * * *
You are too injured to fight recklessly!
You are too injured to fight recklessly!
You are too injured to fight recklessly!
You closely miss the white ugly thing.
The white ugly thing is heavily wounded.
A bullfrog comes into view.
The white ugly thing barely misses you.
You hit the white ugly thing but do no damage.
The white ugly thing is heavily wounded.
The white ugly thing claws you but does no damage.
You thump the white ugly thing!
The white ugly thing is severely wounded.
The white ugly thing claws you!
* * * LOW HITPOINT WARNING * * *
The white ugly thing freezes you!!
You die...

###.#######
.........# ......
.#..#.##.# ....
.#..#.##.# ....
.#....##.######.F.
.#.##.##.##......#
.........##.###..#
#####.#.......#.u#
#.#.##....#.@# .
#.#.##..#.#..####....
#......>......†...#
###.#####.#######.#
#.# #.# #.. ..# ###
####


You could see a white ugly thing and a bullfrog.

Vanquished Creatures
  Erica (D:9)
  Pikel (D:4)
  An ugly thing (D:11)
  Joseph (D:7)
  Maggie (D:7)
  The ghost of ohados the Zephyrmancer, a novice TeAE of Vehumet (D:5)
  Grinder (D:3)
  A hornet (D:8)
  6 hippogriffs
  Sigmund (D:3)
  A wyvern (D:10)
  A vampire (D:11)
  5 yaks (D:9)
  A basilisk (shapeshifter) (D:10)
  A hungry ghost (D:10)
  Menkaure (D:4)
  A porcupine (D:11)
  4 ice beasts
  4 black bears
  A sky beast (D:8)
  3 slaves (D:4)
  5 orc warriors
  6 ogres
  2 eyes of draining
  A phantom (D:9)
  3 centaurs
  3 big kobolds
  8 bullfrogs
  4 scorpions
  6 killer bees (D:8)
  5 wights (D:7)
  An electric eel (D:6)
  3 howler monkeys
  8 crimson imps
  5 bullfrog zombies
  3 hounds
  A jelly (D:10)
  A bullfrog skeleton (D:8)
  A centaur skeleton (D:9)
  7 orc priests
  5 orc wizards
  2 iguanas
  Natasha (thrice) (D:3)
  7 worker ants
  A killer bee zombie (D:9)
  A hound skeleton (D:11)
  2 worker ant zombies
  12 adders
  4 shadow imps
  3 oozes
  An adder zombie (D:6)
  An adder skeleton (D:7)
  A worm (D:5)
  2 dart slugs
  6 leopard geckos
  37 orcs
  13 bats
  4 giant cockroaches
  8 goblins
  8 hobgoblins
  13 jackals
  4 quokkas
  A ball python (D:3)
  5 frilled lizards
  A jackal zombie (D:5)
  21 kobolds
  A quokka skeleton (D:8)
  6 rats
284 creatures vanquished.

Vanquished Creatures (others)
  5 fungi (D:11)
5 creatures vanquished.

Grand Total: 289 creatures vanquished

Notes
Turn   | Place    | Note
-------+----------+-------------------------------------------
     0 | D:1      | kelmiir the Gargoyle Fighter began the quest for the Orb.
     0 | D:1      | Reached XP level 1. HP: 14/14 MP: 1/1
   123 | D:1      | Reached XP level 2. HP: 5/19 MP: 2/2
   679 | D:1      | Reached XP level 3. HP: 24/24 MP: 3/3
  1306 | D:2      | Found a hide-covered altar of Uskayaw.
  1345 | D:2      | Reached skill level 3 in Maces & Flails
  1484 | D:2      | Reached XP level 4. HP: 29/29 MP: 4/4
  1906 | D:3      | Found a stormy altar of Qazlal.
  1909 | D:3      | Found a basalt altar of Yredelemnul.
  1913 | D:3      | Found a shattered altar of Ashenzari.
  1917 | D:3      | Found a sparkling altar of Nemelex Xobeh.
  1919 | D:3      | Found a hazy altar of Hepliaklqana.
  1920 | D:3      | Found an iron altar of Okawaru.
  1924 | D:3      | Became a worshipper of Warmaster Okawaru
  2080 | D:3      | Noticed Grinder
  2086 | D:3      | Paralysed by Grinder for 4 turns
  2100 | D:3      | Killed Grinder
  2100 | D:3      | Reached * piety under Okawaru
  2100 | D:3      | Reached skill level 4 in Maces & Flails
  2100 | D:3      | Reached XP level 5. HP: 27/34 MP: 5/5
  2100 | D:3      | Reached XP level 6. HP: 31/39 MP: 6/6
  2298 | D:3      | Noticed Natasha
  2310 | D:3      | Killed Natasha
  2538 | D:3      | Noticed Natasha
  2547 | D:3      | Killed Natasha
  2547 | D:3      | Reached skill level 5 in Maces & Flails
  2547 | D:3      | Reached skill level 5 in Armour
  2679 | D:3      | Reached ** piety under Okawaru
  2679 | D:3      | Reached XP level 7. HP: 9/44 MP: 7/7
  2958 | D:3      | Noticed Natasha
  2976 | D:3      | Killed Natasha
  3241 | D:3      | Noticed Sigmund
  3265 | D:3      | Killed Sigmund
  3265 | D:3      | Reached skill level 5 in Fighting
  3265 | D:3      | Reached skill level 6 in Maces & Flails
  3543 | D:4      | Noticed Menkaure
  3551 | D:4      | Killed Menkaure
  3588 | D:4      | Reached XP level 8. HP: 37/49 MP: 8/8
  3854 | D:4      | Noticed Pikel
  3911 | D:4      | Killed Pikel
  3911 | D:4      | Reached *** piety under Okawaru
  3911 | D:4      | Reached skill level 8 in Maces & Flails
  4163 | D:4      | You fall into a shaft and drop 3 floors!
  4374 | D:5      | Entered Level 5 of the Dungeon
  4599 | D:4      | Reached XP level 9. HP: 55/55 MP: 9/9
  5085 | D:4      | Found a glowing silver altar of Zin.
  5085 | D:4      | Found a sacrificial altar of Ru.
  5134 | D:5      | Found a transporter.
  5354 | D:5      | Noticed ohados's ghost (novice TeAE)
  5369 | D:5      | Found a transporter.
  5652 | D:5      | Found a sacrificial altar of Ru.
  5808 | D:5      | Killed ohados's ghost
  5808 | D:5      | Reached skill level 9 in Maces & Flails
  5814 | D:5      | Reached skill level 1 in Invocations
  5940 | D:6      | Reached **** piety under Okawaru
  6033 | D:6      | Got a black opal-encrusted leather armour
  6044 | D:6      | Identified the +1 leather armour of Eternal Vigilance
                  | {+Blink Str+4} (You found it on level 6 of the Dungeon)
  6262 | D:6      | Found a bloodstained altar of Trog.
  6564 | D:6      | Found a shadowy altar of Dithmenos.
  7028 | D:7      | Noticed Joseph
  7043 | D:7      | Received a gift from Okawaru
  7043 | D:7      | Reached XP level 10. HP: 63/63 MP: 10/12
  7057 | D:7      | Killed Joseph
  7057 | D:7      | Reached skill level 10 in Maces & Flails
  7057 | D:7      | Reached skill level 1 in Evocations
  7102 | D:7      | Found a white marble altar of Elyvilon.
  7260 | D:7      | Found a staircase to the Ecumenical Temple.
  7723 | D:7      | Noticed Maggie
  7735 | D:7      | Killed Maggie
  8043 | D:8      | Found an ancient bone altar of Kikubaaqudgha.
  8133 | D:8      | Reached ***** piety under Okawaru
  8384 | D:8      | Reached skill level 5 in Shields
  8454 | D:8      | Got a pair of slimy gloves
  8465 | D:8      | Identified the +0 pair of gloves "Xugrih" {rElec rN+ MP+9}
                  | (You found it on level 8 of the Dungeon)
  8677 | D:8      | Received a gift from Okawaru
  8677 | D:8      | Reached skill level 11 in Maces & Flails
  8919 | D:9      | Found Uheonk's General Store.
  8924 | D:9      | Bought a +5 vorpal morningstar for 396 gold pieces
  8995 | D:9      | Noticed Erica
  9008 | D:9      | Killed Erica
  9008 | D:9      | Reached XP level 11. HP: 68/68 MP: 14/14
  9176 | D:9      | Found a blossoming altar of Fedhas.
  9668 | D:10     | Entered Level 10 of the Dungeon
  9960 | D:10     | Found a staircase to the Orcish Mines.
 10351 | D:10     | Received a gift from Okawaru
 10351 | D:10     | Reached skill level 5 in Invocations
 10450 | D:11     | Noticed a purple ugly thing
 10457 | D:11     | Killed a purple ugly thing
 10499 | D:11     | Reached skill level 12 in Maces & Flails
 10521 | D:11     | Noticed a white ugly thing
 10531 | D:11     | Mangled by a white ugly thing

Illustrated notes

Levels and vault maps discovered:
D:1:      psy_arrival_whirlpool, layout_basic
D:2:      layout_loops_corners, eat_drink_and_be_merry_uskayaw, first_ration
D:3:      layout_loops_corners, minitemple, minmay_cupped, uniq_sigmund,
          uniq_grinder, uniq_natasha
D:4:      layout_basic, gammafunk_temple_overflow_wave, kennysheep_boxes,
          uniq_pikel, uniq_menkaure
D:5:      layout_basic, gammafunk_ghost_smash, nicolae_ru_awakened_eye
D:6:      layout_cave_pools, old_standard_altar, old_standard_altar,
          nicolae_lava_and_water
D:7:      layout_basic, minmay_temple_entry_mist, elyvilon_altar_5, uniq_maggie,
          uniq_joseph
D:8:      layout_loops_ring, lemuel_doored_altar
D:9:      layout_roguey, basic_altar, serial_shops, kennysheep_little_box,
          uniq_erica
D:10:     minmay_klotski, layout_long_grid, david_orc_3
D:11:     layout_loops_cross, due_lair_maze_entry_diamond

Skill      XL: |  1  2  3  4  5  6  7  8  9 10 11 |
---------------+----------------------------------+-----
Armour         | 4 5 6 7 8 9 |  9.7
Maces & Flails | 3 4 5 6 8 9 11 12 | 12.0
Fighting       | 4 5 6 7 8 |  8.8
Invocations    | 2 4 5 |  5.1
Shields        | 4 5 |  5.9
Evocations     | 2 3 |  3.5
Throwing       | |  0.5

Action                   |  1- 3 |  4- 6 |  7- 9 | 10-12 || total
-------------------------+-------+-------+-------+-------++-------
Melee: Flail             |    65 |       |       |       ||    65
       Whip              |    85 |    91 |   423 |   295 ||   894
       Morningstar       |       |       |       |   267 ||   267
Throw: Javelin           |       |       |     5 |       ||     5
Invok: Heroism           |       |       |     1 |       ||     1
  Use: Scroll            |       |     5 |    10 |     5 ||    20
       Potion            |       |     5 |     4 |       ||     9
  Eat: Chunk             |     2 |     4 |    10 |    14 ||    30
       Ration            |       |       |     1 |       ||     1
Armor: Scale mail        |   121 |    41 |    83 |       ||   245
       Plate armour      |       |       |   102 |   362 ||   464
Dodge: Dodged            |    70 |    20 |    64 |   103 ||   257
Block: Kite shield       |    87 |    37 |   146 |   234 ||   504
